 Dungeon Crawl Stone Soup version 0.31.0-32-g396128a36d (webtiles) character file.

Game seed: 11279912603263386782

212 Dvallin the Ruffian (level 5, 0/33 HPs)
             Began as a Naga Shapeshifter on Apr 7, 2024.
             Slain by a jackal (1 damage)
             ... on level 4 of the Dungeon.
             The game lasted 00:05:08 (1928 turns).

Dvallin the Ruffian (Naga Shapeshifter)             Turns: 1928, Time: 00:05:09

Health: 0/33       AC:  1    Str: 17    XL:     5   Next: 90%
Magic:  5/5        EV: 14    Int: 10    God:
Gold:   173        SH:  0    Dex: 12    Spells: 4/4 levels left

rFire   . .          .
                       - Unarmed
rCold   . . .        (shield currently unavailable)
rNeg    . . .        a - melded +0 animal skin
rPois   +            (no helmet)
rElec   .            (no cloak)
rCorr   .            (no gloves)
SInv    +            (no barding)
Will    .....        (no amulet)
Stlth   +            (no ring)
HPRegen 0.25/turn    (no ring)
MPRegen 0.09/turn

%: no passive effects
@: flux-form, glowing, very slow
A: glow, contaminating, reduced hp, AC +1, large, see invisible, deformed body,
poison resistance, slowness 2, spit poison 1, naga tail 1
a: Spit Poison, Begin Untransformation


You were on level 4 of the Dungeon.
You were something dangerously unstable.
You visited 1 branch of the dungeon, and saw 4 of its levels.

You collected 173 gold pieces.

Inventory:

Armour
 a - a +0 animal skin (melded)
 f - a +3 leather armour
Talismans
 c - a beast talisman
 d - a flux talisman (active)
Scrolls
 e - a scroll of noise {unknown}
 h - 2 scrolls of vulnerability {unknown}
 j - a scroll of fog {unknown}
 k - 2 scrolls of amnesia {unknown}
 l - 2 scrolls of identify {unknown}
 m - a scroll of enchant weapon {unknown}
 n - a scroll of blinking {unknown}
Potions
 b - 3 potions of lignification
 g - a potion of heal wounds {unknown}
 i - a potion of cancellation {unknown}
 o - a potion of mutation {unknown}


   Skills:
 - Level 1.2 Fighting
 - Level 1.7 Dodging
 + Level 4.9 Unarmed Combat
 + Level 4.6 Shapeshifting


You had 4 spell levels left.
You didn't know any spells.
Your spell library contained the following spells:

 Spells                   Type           Power      Damage    Failure   Level
 Volatile Blastmotes      Fire/Tloc      0%         2d10      75%         3
 Fulminant Prism          Conj/Alch      0%         3d5       98%         4
 Iskenderun's Mystic Bla  Conj/Tloc      0%         2d3       98%         4


Dungeon Overview and Level Annotations

Branches:
Dungeon (4/15)
 Temple: D:4-7

Altars:


Innate Abilities, Weirdness & Mutations

You are something dangerously unstable.
You glow with magical radiation, making you easy to see and hit.
Foes you strike become dangerously contaminated with magical radiation.
Your maximum health is decreased, since you lack skill for your form.
You are incapable of wielding weapons or throwing items.
Your serpentine skin is tough. (AC +1)
You have supernaturally acute eyesight. (SInv)
Armour fits poorly on your strangely shaped body.
Your system is resistant to poisons. (rPois)
You cover ground very slowly.
You can spit poison.
You have a snake-like lower body.


Message History

The jackal bites you. The jackal completely misses you.
Menkaure barely misses you.
You hit Menkaure but do no damage.
Menkaure glows dangerously bright.
Menkaure is lightly damaged.
The jackal bites you.
* * * LOW HITPOINT WARNING * * *
You hit Menkaure.
Menkaure shudders as magic cascades through him.
Menkaure is moderately damaged.
The jackal bites you.
* * * LOW HITPOINT WARNING * * *
Menkaure barely misses you.
You hit Menkaure.
Menkaure begins to glow.
Menkaure is heavily damaged.
The jackal closely misses you. Menkaure barely misses you.
The jackal closely misses you.
You hit Menkaure.
Menkaure glows dangerously bright.
Menkaure is heavily damaged.
The jackal bites you but does no damage.
The jackal barely misses you.
You hit Menkaure.
Menkaure shudders as magic cascades through him!
You destroy Menkaure!
The jackal bites you.
* * * LOW HITPOINT WARNING * * *
The jackal bites you but does no damage.
The jackal misses you.
You have reached level 5!
You barely miss the jackal.
The jackal bites you but does no damage.
The jackal barely misses you.
You hit the jackal.
The jackal begins to glow.
The jackal is severely wounded.
The jackal bites you.
* * * LOW HITPOINT WARNING * * *
The jackal closely misses you. The jackal misses you.
You hit the jackal.
You kill the jackal!
The jackal bites you.
You die...

..# ..#...P~≈###+#
..#)...~≈#...###########
..#....≈≈#.gg#..........
..#....~≈#####≈~~≈~~~~~~
#.#....~≈≈≈≈≈≈≈~≈≈~≈≈≈≈≈
#.#....~≈~~~~~~~≈≈~≈~~~~
..#..)..P........h......
#...............p..#
####..##.#....#..†##
#..##.##.#.#####
#.###.##.#.# #.#
#.##.#.# ..# ..(.....
#..# ..##.#.# #...
..##.#.# #.###.#.#


You could see a jackal.

Vanquished Creatures
  Menkaure (D:4)
  A gnoll (D:4)
  3 adders
  A dart slug (D:3)
  A ribbon worm (D:3)
  An orc (D:3)
  4 ball pythons
  6 endoplasms
  2 giant cockroaches
  4 goblins
  7 hobgoblins
  6 jackals
  4 kobolds
  4 quokkas
  6 bats
  2 frilled lizards
  7 rats
60 creatures vanquished.

Notes
Turn   | Place    | Note
-------+----------+-------------------------------------------
     0 | D:1      | Dvallin the Naga Shapeshifter began the quest for the Orb.
     0 | D:1      | Reached XP level 1. HP: 18/18 MP: 1/1
    74 | D:1      | Reached XP level 2. HP: 13/25 MP: 2/2
   359 | D:1      | Reached XP level 3. HP: 12/31 MP: 3/3
  1257 | D:3      | Reached XP level 4. HP: 25/38 MP: 4/4
  1909 | D:4      | Noticed Menkaure
  1925 | D:4      | Killed Menkaure
  1926 | D:4      | Reached XP level 5. HP: 4/44 MP: 5/5
  1927 | D:4      | HP: 1/33 [jackal (3)]
  1928 | D:4      | Slain by a jackal

Illustrated notes

Levels and vault maps discovered:
D:1:      lemuel_arrival_lava_pool, layout_rooms, hangedman_decor_points
D:2:      layout_basic
D:3:      layout_rooms, st_stairs_13, nicolae_the_louvre
D:4:      lemuel_castle_with_subvaults [lemuel_castle_interior_carwin_3],
          layout_rooms, kennysheep_generic_room_4, uniq_menkaure

Skill      XL: |  1  2  3  4 |
---------------+-------------+-----
Unarmed Combat | 4 |  4.9
Shapeshifting  | 4 |  4.6
Fighting       | |  1.2
Dodging        | |  1.7

Action                     |  1- 3 |  4- 6 || total
---------------------------+-------+-------++-------
  Melee: Unarmed           |    95 |    68 ||   163
Ability: Spit Poison       |    21 |     6 ||    27
 Armour: Animal skin       |    11 |       ||    11
         Skin              |    30 |    62 ||    92
  Dodge: Dodged            |    65 |    97 ||   162
   Form: Flux              |     1 |       ||     1
